 Dungeon Crawl Stone Soup version 0.29-a0-550-g81e455f4c2 (webtiles) character file.

Game seed: 7245375769432870803

186 Lekart the Skirmisher (level 5, 0/47 HPs)
             Began as a Draconian Abyssal Knight on June 5, 2022.
             Was a Priest of Lugonu.
             Killed from afar by Dowan (5 damage)
             ... with a puff of flame
             ... on level 4 of the Dungeon.
             The game lasted 00:05:30 (3399 turns).

Lekart the Skirmisher (Draconian Abyssal Knight)    Turns: 3399, Time: 00:05:31

Health: 0/47       AC:  5    Str: 15    XL:     5   Next: 38%
Magic:  16/16      EV: 12    Int: 10    God:    Lugonu [***...]
Gold:   108        SH:  3    Dex: 14    Spells: 2/4 levels left

rFire   . . .      SeeInvis .   a - +1 hand axe
rCold   . . .      Faith    .   f - +0 buckler
rNeg    . . .      Spirit   .   (body armour unavailable)
rPois   .          Reflect  .   (helmet restricted)
rElec   .          Harm     .   (no cloak)
rCorr   +          Rampage  .   (no gloves)
Will    .....                   (no boots)
Stlth   +.........              (no amulet)
HPRegen 0.15/turn               m - ring of resist corrosion
MPRegen 0.15/turn               j - ring of magical power

@: mighty, lit by a corona, glowing
A: AC +5, unfitting armour, cold-blooded
a: Renounce Religion, Depart the Abyss, Bend Space, Banish


You were on level 4 of the Dungeon.
You worshipped Lugonu.
Lugonu was most pleased with you.
You visited 1 branch of the dungeon, and saw 4 of its levels.
You visited the Abyss 1 time.

You collected 108 gold pieces.

Inventory:

Hand Weapons
 a - a +1 hand axe (weapon)
Armour
 f - a +0 buckler (worn)
Jewellery
 j - a ring of magical power (right hand)
 m - a ring of resist corrosion (left hand)
Scrolls
 d - a scroll of fog {unknown}
 h - 3 scrolls of identify
Potions
 c - a potion of cancellation
 e - a potion of curing
 g - 2 potions of heal wounds {unknown}
 i - 2 potions of degeneration {unknown}


   Skills:
 + Level 4.4 Fighting
 + Level 3.6 Axes
 + Level 2.8 Dodging
 + Level 0.3 Shields
 * Level 0.3 Spellcasting
 * Level 0.2 Transmutations
 * Level 3.1 Invocations


You had 2 spell levels left.
You knew the following spells:

 Your Spells              Type           Power      Damage    Failure   Level
a - Wereblood             Tmut           0%         N/A       56%         2

Your spell library contained the following spells:

 Spells                   Type           Power      Damage    Failure   Level
 Apportation              Tloc           0%         N/A       45%         1
 Sublimation of Blood     Necr           0%         N/A       61%         2
 Inner Flame              Hex/Fire       0%         N/A       83%         3
 Cause Fear               Hex            0%         N/A       99%         4
 Malign Gateway           Summ/Tloc      0%         N/A       100%        7
 Summon Hydra             Summ           0%         N/A       100%        7
 Discord                  Hex            0%         N/A       100%        8
 Summon Horrible Things   Summ           0%         N/A       100%        8


Dungeon Overview and Level Annotations

Branches:
Dungeon (4/15)
 Temple: D:4-7

Altars:
Makhleb
Trog
The Shining One

Annotations:
D:4 Dowan, Duvessa


Innate Abilities, Weirdness & Mutations

Your plain brown scales are hard. (AC +5)
You cannot fit into any form of body armour.
You are cold-blooded and may be slowed by cold attacks.


Message History

Duvessa hits you with a +0 short sword.
You hit Duvessa but do no damage.
Duvessa is lightly wounded.
You hit Dowan. Duvessa closely misses you.
Duvessa hits you with a +0 short sword!
Dowan hits you with a +1 vampiric dagger.
You are too injured to fight recklessly!
You slash Duvessa!
Duvessa is moderately wounded.
You slash Dowan! Duvessa hits you with a +0 short sword.
Dowan barely misses you. Duvessa misses you.
You hit Duvessa.
Duvessa is heavily wounded.
You slash Dowan! Duvessa misses you. Dowan gestures at you while chanting.
You are outlined in light.
You block Duvessa's attack.
You completely miss Duvessa.
Duvessa is heavily wounded.
You miss Dowan. Duvessa hits you but does no damage. Dowan barely misses you.
You block Duvessa's attack.
Dowan points at you and mumbles some strange words.
The puff of frost hits you!
* * * LOW HITPOINT WARNING * * *
You feel better. You block Duvessa's attack.
Dowan casts a spell.
Dowan blinks!
You closely miss Duvessa.
Duvessa is heavily wounded.
Duvessa barely misses you. Duvessa hits you with a +0 short sword.
Dowan says, "Magic and the sword, together, will defeat you."
Dowan casts a spell at you. The puff of frost hits you.
* * * LOW HITPOINT WARNING * * *
You slash Duvessa!
Duvessa is almost dead.
Duvessa hits you with a +0 short sword!
* * * LOW HITPOINT WARNING * * *
Dowan points at you and mumbles some strange words.
The puff of flame hits you.
You die...

####################
.........e..........
....................
......e@$.#.#....##
..........#.<....#
......#.......#..#
#.#...........# .#
#.....#...#..... ..
#.....#...###### .
#.........#
#....####.#


You could see Duvessa (fast) and Dowan.

Vanquished Creatures
  A scorpion (D:3)
  5 adders
  A worm (D:2)
  4 dart slugs
  4 bats
  5 endoplasms
  5 giant cockroaches
  8 hobgoblins
  8 jackals
  4 quokkas
  2 ball pythons
  A frilled lizard (D:2)
  6 goblins
  4 kobolds
  6 rats
64 creatures vanquished.

Vanquished Creatures (others)
  4 fungi (D:1)
4 creatures vanquished.

Grand Total: 68 creatures vanquished

Notes
Turn   | Place    | Note
-------+----------+-------------------------------------------
     0 | Abyss:1  | Lekart the Draconian Abyssal Knight began the quest for the
                  | Orb.
     0 | Abyss:1  | Reached XP level 1. HP: 19/19 MP: 2/2
    35 | D:1      | Escaped the Abyss
   318 | D:1      | Reached XP level 2. HP: 26/26 MP: 3/3
   665 | D:1      | Found a faded altar of an unknown god.
   671 | D:1      | Got Plato's Catalogue of the Compass
   686 | D:1      | Reached XP level 3. HP: 29/33 MP: 4/4
   737 | D:1      | Reached skill level 4 in Fighting
  1267 | D:2      | Reached *** piety under Lugonu
  1769 | D:2      | Found a bloodstained altar of Trog.
  1967 | D:2      | Reached XP level 4. HP: 39/40 MP: 6/6
  2226 | D:3      | Noticed a scorpion
  2238 | D:3      | Killed a scorpion
  2239 | D:3      | Reached XP level 5. HP: 16/47 MP: 7/7
  2529 | D:3      | Found a burning altar of Makhleb.
  2576 | D:3      | Learned a level 2 spell: Wereblood
  2887 | D:3      | Found a glowing golden altar of the Shining One.
  2888 | D:3      | Found a bloodstained altar of Trog.
  3385 | D:4      | Noticed Dowan
  3385 | D:4      | Noticed Duvessa
  3399 | D:4      | Killed from afar by Dowan

Illustrated notes

Levels and vault maps discovered:
D:1:      wander_arrival_chamber, layout_loops_ring,
          shapermc_ecumenical_altar_rom_forum
D:2:      layout_basic, basic_altar
D:3:      layout_loops_corners, lemuel_tele_altar,
          gammafunk_temple_overflow_pools
D:4:      layout_basic, uniq_duvessa

Skill      XL: |  1  2  3  4 |
---------------+-------------+-----
Fighting       | 4 |  4.4
Axes           | 3 |  3.6
Invocations    | 3 |  3.1
Dodging        | |  2.8
Shields        | |  0.3
Spellcasting   | |  0.3
Transmutations | |  0.2

Action                   |  1- 3 |  4- 6 || total
-------------------------+-------+-------++-------
Melee: Hand axe          |   131 |    69 ||   200
       Tailslap          |    17 |     7 ||    24
  Use: Scroll            |       |     6 ||     6
       Potion            |       |     7 ||     7
 Stab: Sleeping          |     3 |     2 ||     5
Armor: Skin              |    27 |    32 ||    59
Dodge: Dodged            |    71 |    53 ||   124
Block: Buckler           |     9 |    23 ||    32

Table legend: (Time is in decaauts)
 A = Elapsed time spent in this place.
 B = Non-inter-level travel time spent in this place.
 C = Inter-level travel time spent in this place.
 D = Time resting spent in this place.
 E = Time spent auto-exploring this place.
 F = Levels seen in this place.
 G = Mean time per level.
                   A        B        C        D        E       F      G
               +--------+--------+--------+--------+--------+-----+--------+
         Total |   3419 |   3359 |     60 |      0 |   2855 |   5 |  683.8 |
       Dungeon |   3384 |   3324 |     60 |      0 |   2830 |   4 |  846.0 |
         Abyss |     35 |     35 |      0 |      0 |     25 |   1 |   35.0 |
               +--------+--------+--------+--------+--------+-----+--------+

Top non-repeatable levels by time:
     D:3: 1299 daAuts
     D:1: 1158 daAuts
     D:2: 902 daAuts
 Abyss:1: 35 daAuts
     D:4: 23 daAuts
